Map: Jagannatha LE

Players

JonSnow

  • Race: Zerg Zerg
  • League: Grandmaster
  • Spawn Location: 7:00

Future - Winner!

  • Race: Terran Terran
  • Spawn Location: 1:00

Event: DreamHack SC2 Masters 2020 Winter

VOD

Have the link to the VOD?

Description

Time

  • Played on: Oct. 13, 2020, 8:14 p.m.
  • Length: 13:23

All games in this series

Show
View Real Time Build Order
Export as new Build Order

JonSnow Zerg 

Build Orders: Hatch First 

Get SALT Encoding   

  12  0:01  Drone  
  13  0:12  Overlord  
  13  0:17  Drone  
  14  0:30  Drone x2  
  16  0:49  Hatchery  
  15  0:52  Drone  
  15  0:55  Drone  
  17  0:59  Drone  
  18  1:06  Extractor  
  17  1:15  Spawning Pool  
  16  1:20  Drone  
  16  1:21  Drone  
  18  1:28  Drone  
  19  1:39  Drone  
  20  1:50  Overlord  
  20  2:02  Queen x2  
  20  2:03  Zergling x2  
  25  2:08  Zergling x2  
  25  2:11  Zergling x2  
  25  2:12  Drone  
  28  2:28  Hatchery  
  27  2:46  Drone x6  
  33  2:51  Metabolic Boost  
  33  2:58  Queen  
  33  3:03  Overlord  
  35  3:06  Drone  
  35  3:13  Overlord  
  35  3:14  Drone  
  35  3:18  Overlord  
  36  3:22  Drone x3  
  36  3:26  Zergling x2  
  40  3:29  Queen  
  42  3:37  Queen  
  42  3:38  Drone  
  42  3:40  Drone  
  46  3:45  Queen  
  48  3:54  Drone x5  
  53  3:57  Drone  
  53  3:58  Drone  
  55  4:03  Overlord  
  55  4:06  Drone x2  
  57  4:10  Zergling x2  
  57  4:15  Spore Crawler  
  57  4:19  Overlord  
  57  4:21  Queen, Overlord  
  59  4:25  Zergling x8  
  59  4:30  Spore Crawler  
  62  4:32  Drone x2  
  61  4:39  Drone x5  
  61  4:43  Drone  
  61  4:44  Drone  
  68  4:46  Drone  
  68  4:51  Overlord  
  68  4:53  Drone x3  
  68  4:54  Lair  
  68  4:57  Spore Crawler  
  70  5:03  Extractor  
  70  5:05  Extractor  
  70  5:06  Drone x3  
  71  5:07  Roach Warren  
  71  5:13  Zergling x8  
  74  5:14  Drone  
  74  5:17  Spore Crawler  
  74  5:18  Queen  
  76  5:22  Overlord  
  71  5:35  Drone  
  71  5:36  Drone x9  
  71  5:38  Drone  
  82  5:48  Roach x5  
  92  5:51  Drone x2  
  92  5:52  Drone  
  95  6:01  Drone x2, Extractor  
  95  6:02  Drone  
  93  6:14  Spire  
  93  6:15  Extractor  
  93  6:16  Drone  
  93  6:17  Drone x2  
  94  6:23  Drone x3  
  94  6:24  Extractor  
  96  6:26  Evolution Chamber  
  96  6:27  Evolution Chamber  
  96  6:29  Drone  
  95  6:35  Drone x3  
  95  6:38  Hatchery  
  95  6:39  Drone, Overlord  
  96  6:50  Drone x3  
  96  6:52  Overlord  
  97  6:57  Overlord  
  97  6:59  Drone x3  
  100  7:05  Glial Reconstitution  
  100  7:06  Zerg Ground Armor Level 1, Zerg Missile Weapons Level 1  
  100  7:07  Overlord  
  100  7:11  Roach x3  
  100  7:13  Evolution Chamber  
  100  7:14  Evolution Chamber  
  101  7:21  Evolution Chamber  
  97  7:28  Zergling x10  
  101  7:31  Drone x2  
  101  7:37  Overlord  
  101  7:45  Roach x8  
  117  7:53  Zerg Melee Weapons Level 1  
  117  7:55  Overlord  
  117  7:56  Overlord x4  
  117  8:02  Drone x4  
  120  8:07  Ravager x7  
  120  8:08  Ravager  
  128  8:14  Roach x4  
  128  8:18  Overlord  
  136  8:25  Roach x6  
  145  8:36  Roach x6  
  157  8:47  Roach x6  
  158  8:52  Spore Crawler  
  158  8:53  Roach x4  
  163  8:58  Roach x2  
  165  9:10  Roach x7  
  165  9:12  Overlord x2  
  179  9:20  Drone x6  
  179  9:21  Baneling Nest  
  185  9:24  Drone x4, Extractor  
  185  9:25  Extractor  
  186  9:33  Ravager  
  186  9:34  Ravager  
  186  9:43  Roach x10  
  153  9:47  Roach x2  
  144  9:55  Drone x6  
  144  9:57  Drone, Infestation Pit  
  144  10:11  Zergling x18  
  144  10:14  Hatchery  
  150  10:17  Zergling x2  
  150  10:18  Zergling x8  
  150  10:19  Zerg Melee Weapons Level 2  
  146  10:31  Zerg Ground Armor Level 2, Centrifical Hooks  
  146  10:33  Zergling x10  
  146  10:35  Overseer  
  150  10:46  Burrow  
  150  10:47  Hive  
  150  10:53  Drone x5  
  150  10:54  Drone x3  
  150  10:56  Zergling x6  
  161  11:00  Baneling x3  
  161  11:01  Baneling x7  
  161  11:02  Baneling x2, Zergling x2  
  161  11:10  Zergling x14  
  168  11:16  Zergling x4  
  169  11:20  Infestor x2  
  169  11:35  Zergling x2  
  169  11:36  Zergling x10  
  175  11:41  Hatchery  
  175  11:45  Queen  
  176  11:48  Zergling x20  
  182  11:54  Zergling x10  
  182  12:00  Baneling  
  182  12:01  Baneling x7  
  184  12:02  Zergling x12  
  184  12:06  Zergling x4  
  190  12:10  Ultralisk Cavern  
  174  12:20  Zergling x2  
  174  12:21  Zergling x12  
  164  12:25  Ravager x2  
  164  12:26  Roach x2  
  164  12:27  Roach  
  155  12:40  Zergling x8  
  155  12:44  Roach x3  
  140  12:45  Baneling x13  
  133  12:53  Zergling x4  
  133  12:56  Zergling x4  
  126  12:59  Zergling x10  
  126  13:03  Zergling x2  
  145  13:06  Extractor, Zergling x2  
  145  13:07  Extractor  
Show
View Real Time Build Order
Export as new Build Order

Future Terran - Winner!

Build Orders: Hellion Opening 

Get SALT Encoding   

  12  0:00  SCV  
  13  0:12  SCV  
  14  0:20  Supply Depot  
  14  0:24  SCV  
  15  0:42  SCV  
  16  0:44  Barracks  
  16  0:45  Refinery  
  16  0:54  SCV  
  17  1:06  SCV  
  18  1:18  SCV  
  19  1:30  Marine  
  19  1:31  Orbital Command  
  20  1:41  Command Center  
  20  1:53  Factory  
  20  1:56  SCV  
  21  2:04  Barracks Reactor  
  21  2:08  SCV  
  21  2:09  Supply Depot  
  22  2:16  Refinery  
  22  2:20  SCV  
  23  2:33  SCV  
  24  2:42  Starport  
  24  2:46  SCV  
  24  2:49  Hellion  
  24  2:50  Hellion  
  29  2:52  Marine  
  29  2:55  Orbital Command  
  30  2:59  SCV  
  31  3:11  SCV  
  34  3:13  Barracks Tech Lab  
  34  3:19  Supply Depot  
  34  3:22  Fusion Core  
  34  3:23  SCV x2  
  34  3:29  Hellion  
  34  3:32  Hellion  
  38  3:35  SCV  
  38  3:36  SCV  
  40  3:43  Supply Depot  
  40  3:47  SCV  
  40  3:48  SCV  
  42  3:51  Hellion  
  42  3:54  Hellion  
  46  4:00  SCV x2  
  46  4:02  Supply Depot  
  48  4:12  SCV x2  
  50  4:17  Battlecruiser  
  50  4:18  Barracks Tech Lab  
  56  4:24  SCV x2  
  56  4:27  Hellion  
  56  4:29  Hellion  
  62  4:36  SCV  
  62  4:37  SCV  
  64  4:39  Marine, Supply Depot, Stimpack  
  65  4:49  SCV x2  
  67  4:58  Command Center  
  67  5:02  Barracks  
  67  5:04  SCV x2  
  67  5:05  Barracks  
  69  5:14  Supply Depot  
  69  5:16  SCV, Engineering Bay  
  69  5:17  SCV, Engineering Bay  
  69  5:19  Factory Reactor  
  71  5:24  Refinery  
  71  5:25  Refinery  
  71  5:28  SCV  
  71  5:29  SCV  
  73  5:36  Marine  
  73  5:41  SCV x2  
  76  5:48  Terran Infantry Armor Level 1, Terran Infantry Weapons Level 1  
  76  5:53  SCV x2, Marine  
  79  6:00  Starport Reactor  
  79  6:03  Marine, Barracks  
  79  6:04  Marine x3  
  81  6:05  SCV x2, Barracks  
  81  6:11  Supply Depot x2, Orbital Command  
  85  6:17  SCV x2  
  87  6:19  Marine  
  87  6:21  Siege Tank, Marine x2  
  87  6:22  Marine x2  
  87  6:24  Combat Shield  
  95  6:29  SCV x2  
  97  6:37  SCV  
  97  6:38  Medivac  
  97  6:39  Medivac  
  102  6:40  Marine x2  
  102  6:41  Marine, SCV  
  102  6:42  SCV  
  107  6:47  Supply Depot  
  107  6:51  Orbital Command  
  107  6:53  SCV  
  106  6:54  SCV  
  106  6:55  Siege Tank  
  106  6:58  Marine x3  
  106  6:59  Marine x2  
  115  7:04  Barracks Reactor x2  
  115  7:08  SCV x2, Medivac  
  115  7:09  Medivac  
  115  7:14  Armory  
  119  7:16  Marine  
  119  7:18  Marine x2  
  120  7:24  SCV x3  
  123  7:30  Siege Tank  
  123  7:34  Marine x3  
  123  7:36  SCV x2  
  121  7:37  Refinery  
  121  7:38  Refinery  
  121  7:40  Supply Depot  
  121  7:41  Supply Depot  
  121  7:42  Supply Depot  
  121  7:44  Marine x3  
  121  7:45  Marine x3  
  121  7:49  Missile Turret  
  127  7:52  Marine x3  
  127  7:53  Missile Turret  
  130  8:00  Missile Turret  
  130  8:02  Marine x4  
  130  8:03  Marine x2  
  130  8:05  Missile Turret  
  136  8:07  Missile Turret  
  136  8:09  Marine  
  136  8:10  Marine x2, Siege Tank  
  142  8:19  Medivac x2  
  146  8:20  Marine x5  
  146  8:21  Marine  
  152  8:27  Marine x2  
  152  8:30  Terran Infantry Weapons Level 2, Terran Infantry Armor Level 2  
  152  8:32  Terran Vehicle Weapons Level 1  
  153  8:40  Marine x6  
  156  8:48  Marine x3  
  138  8:55  Siege Tank  
  138  8:57  Marine  
  138  8:58  Marine x5  
  143  9:06  Marine x3  
  143  9:09  Medivac x2  
  148  9:15  Marine x4  
  148  9:16  Marine x2  
  154  9:23  Factory, Marine  
  154  9:24  Marine x2  
  155  9:25  Supply Depot  
  155  9:26  Supply Depot  
  157  9:37  Marine  
  157  9:39  Marine x2  
  157  9:40  Marine x3  
  157  9:41  Marine  
  157  9:42  Marine, Siege Tank  
  157  9:44  Marine  
  138  9:49  Medivac x2  
  120  9:55  Marine  
  120  9:57  Marine x3  
  120  9:58  Marine x2  
  120  9:59  Marine  
  125  10:00  Marine  
  125  10:02  Marine  
  125  10:12  Marine  
  125  10:15  Siege Tank, Marine x3  
  125  10:16  Marine x2  
  125  10:17  Marine  
  125  10:18  Marine, Factory Tech Lab  
  125  10:20  Marine  
  126  10:26  Command Center  
  126  10:30  Marine  
  126  10:31  Terran Vehicle Weapons Level 2  
  126  10:32  Marine, Sensor Tower  
  126  10:33  Marine x4  
  126  10:35  Marine  
  133  10:36  Marine  
  133  10:38  Sensor Tower  
  133  10:39  Missile Turret  
  133  10:40  Siege Tank  
  133  10:41  Marine  
  138  10:47  Siege Tank  
  138  10:48  SCV x3  
  144  10:52  Medivac x2  
  148  11:00  Marine x9  
  157  11:12  Siege Tank  
  157  11:17  Marine  
  157  11:18  Marine x8, SCV  
  167  11:19  SCV x2  
  171  11:35  Marine x2  
  171  11:38  Marine x7, Siege Tank  
  171  11:39  Supply Depot  
  183  11:40  Supply Depot  
  183  11:49  Siege Tank  
  183  11:53  Marine x2  
  185  11:56  Marine x7  
  187  12:11  Marine x2  
  187  12:13  Marine x6  
  187  12:15  Planetary Fortress  
  192  12:18  Barracks  
  192  12:20  Barracks  
  181  12:24  Marine  
  181  12:26  Siege Tank x2  
  181  12:29  Marine  
  189  12:36  Marine x3  
  179  12:39  Marine  
  179  12:40  Marine x3  
  179  12:42  Marine  
  167  12:46  Marine  
  167  12:50  Command Center  
  164  12:54  Marine x3  
  164  12:57  Marine x4  
  147  13:00  Marine  
  147  13:04  Marine  
  154  13:20  Barracks Tech Lab  
  154  13:21  Barracks Tech Lab  
Tags
 
Add a new tag
Caveats
  • Supply blocks, unpowered buildings, or Contaminate may cause inaccurate times.
  • Supply counts are checked every 10 seconds.